 Dungeon Crawl Stone Soup version 0.30.1 (webtiles) character file.

Game seed: 15559479619031095012

22251 Demosthentine the Fighter (level 12, -17/88 (90) HPs)
             Began as a Demonspawn Gladiator on July 9, 2023.
             Was an Elder of Hepliaklqana.
             Killed from afar by a deep elf zephyrmancer (21 damage)
             ... with a bolt of lightning
             ... on level 14 of the Dungeon.
             The game lasted 00:16:27 (12522 turns).

Demosthentine the Fighter (Demonspawn Gladiator)   Turns: 12522, Time: 00:16:28

HP:   -17/88 (90)   AC: 17    Str: 18    XL:     12   Next: 61%
MP:   20/20         EV: 17    Int:  9    God:    Hepliaklqana [****..]
Gold: 934           SH:  0    Dex: 17    Spells: 11/11 levels left

rFire   . . .        y - +8 demon trident "Rift" {distort, reach+}
rCold   . . .        (no shield)
rNeg    + . .        b - +0 leather armour
rPois   .            G - +2 hat
rElec   .            (no cloak)
rCorr   .            r - +1 pair of gloves
SInv    +            (no boots)
Will    .....        B - amulet of regeneration
Stlth   +            f - ring of positive energy
HPRegen 1.14/turn    i - ring of see invisible
MPRegen 0.17/turn

%: no passive effects
@: sanguine armoured, on berserk cooldown, slowed, lightly drained, very slow
A: reduced essence, hooves 1, demonic guardian 2, spiny 1, sanguine armour 2
a: Renounce Religion, Recall Ancestor, Ancestor Identity, Transference, Idealise


You were on level 14 of the Dungeon.
You worshipped Hepliaklqana.
Hepliaklqana was greatly pleased with you.
You visited 2 branches of the dungeon, and saw 15 of its levels.

You collected 934 gold pieces.

Inventory:

Hand Weapons
 y - the +8 demon trident "Rift" (weapon) {distort, reach+}
   (You acquired it on level 14 of the Dungeon)
Missiles
 d - a throwing net (quivered)
 e - a javelin
Armour
 b - a +0 leather armour (worn)
 r - a +1 pair of gloves (worn)
 G - a +2 hat (worn)
Jewellery
 f - a ring of positive energy (left hand)
 i - a ring of see invisible (right hand)
 B - an amulet of regeneration (around neck)
Wands
 v - a wand of mindburst (8)
 x - a wand of acid (10)
 C - a wand of flame (14)
Scrolls
 c - 2 scrolls of fear
 g - 6 scrolls of teleportation
 l - 4 scrolls of identify
 u - a scroll of amnesia
 w - 4 scrolls of enchant armour
 z - 2 scrolls of brand weapon
 A - 5 scrolls of enchant weapon
 I - a scroll of fog
Potions
 h - 4 potions of lignification
 j - 2 potions of flight
 k - 2 potions of magic
 m - 6 potions of haste
 n - 2 potions of mutation
 o - 6 potions of curing
 p - a potion of invisibility
 q - a potion of attraction
 s - 3 potions of cancellation
 t - 3 potions of might
 F - 4 potions of brilliance
 H - a potion of berserk rage


   Skills:
 + Level 11.0 Fighting
 + Level 10.3 Polearms
 - Level 1.7 Throwing
 - Level 6.0 Armour
 + Level 10.3 Dodging
 + Level 10.9 Invocations


You had 11 spell levels left.
You didn't know any spells.
Your spell library contained the following spells:

 Spells                   Type           Power      Damage    Failure   Level
 Apportation              Tloc           0%         N/A       43%         1
 Kiss of Death            Conj/Necr      0%         2d5       43%         1
 Magic Dart               Conj           0%         1d3       43%         1
 Necrotise                Necr           0%         1d4       43%         1
 Summon Small Mammal      Summ           0%         N/A       43%         1
 Call Imp                 Summ           0%         N/A       56%         2
 Static Discharge         Conj/Air       0%         2-2/arc   56%         2
 Call Canine Familiar     Summ           0%         N/A       80%         3
 Confusing Touch          Hex            0%         N/A       80%         3
 Mephitic Cloud           Conj/Pois/Air  0%         N/A       80%         3
 Portal Projectile        Hex/Tloc       0%         N/A       80%         3
 Airstrike                Air            0%         2d(0-16)  99%         4
 Dispel Undead            Necr           0%         3d6       99%         4
 Leda's Liquefaction      Hex/Erth       0%         N/A       99%         4
 Summon Lightning Spire   Summ/Air       0%         N/A       99%         4
 Summon Forest            Summ/Tloc      0%         N/A       100%        5
 Eringya's Noxious Bog    Tmut/Pois      0%         N/A       100%        6
 Summon Hydra             Summ           0%         N/A       100%        7


Dungeon Overview and Level Annotations

Branches:
Dungeon (14/15)            Temple (1/1) D:7            Lair (0/5) D:11
    Orc (0/2) D:12
 Vaults: D:13-14

Altars:
Ashenzari
Cheibriados
Dithmenos
Fedhas
Gozag
Hepliaklqana
Kikubaaqudgha
Makhleb
Nemelex Xobeh
Okawaru
Qazlal
Ru
Sif Muna
Trog
Uskayaw
Vehumet
Wu Jian
Xom
Yredelemnul

Shops:
D:7 =

Annotations:
D:12 1 transporter
D:14 Louise


Innate Abilities, Weirdness & Mutations

Your life essence is reduced to manifest your ancestor. (-10% HP)
You have large cloven feet.
A demonic guardian rushes to your aid.
You are partially covered in sharp spines.
When seriously injured, your blood forms thick armour. (AC +9)


Message History

* * * LOW HITPOINT WARNING * * *
A demonic guardian appears!
You partially resist.
You feel drained.
* * * LOW HITPOINT WARNING * * *
You puncture Louise!
Space warps horribly around Louise!
Louise is severely wounded.
Your sixfirhy hits the deep elf archer.
Your sixfirhy shocks the deep elf archer!
The deep elf archer mumbles some strange words.
The deep elf archer blinks!
Louise blocks your sixfirhy's attack.
Unknown command.
You barely miss Louise.
Louise is severely wounded.
Louise blocks your sixfirhy's attack.
Your sixfirhy hits Louise but does no damage.
The death knight hits your sixfirhy with a +4 morningstar of pain!
Louise closely misses you.
Your soul eater closely misses the death knight.
Louise blocks your attack.
Your kick misses Louise.
Louise is severely wounded.
Louise blocks your sixfirhy's attack.
The death knight completely misses your sixfirhy.
The deep elf zephyrmancer points at you and mumbles some strange words.
The bolt of lightning misses your sixfirhy.
The bolt of lightning hits you!
* * * LOW HITPOINT WARNING * * *
The bolt of lightning misses you. Louise is struck by your spines.
Louise hits you but does no damage. You partially resist.
Your soul eater hits the death knight!!
You hear a shout!
Louise blocks your attack.
Your kick misses Louise.
Louise is severely wounded.
You are no longer berserk.
You are exhausted.
You feel as though you will be slow longer.
The death knight hits your sixfirhy with a +4 morningstar of pain!!
The deep elf zephyrmancer gestures at you while chanting.
The bolt of lightning hits your sixfirhy.
Your sixfirhy completely resists.
The bolt of lightning hits you!!
You die...

#.......#
#.............#
#.......#
#....☼........#
#.......#
#...#####.....#
#.......# #...#
#.....#
#.......# #...#
#.....#
#.......# #§§.#
#.....#
#.....<.# #§..#
#.....#
#.......###...#
#.....#
#.....)p@@)†..#
#....R##
#######33######
#.....☼☼ #.§#
#..#.... #.)#
.....#...# #.e#
.....#...# #..#
#.....#...#
.... #....
#...# #..#
#...# ....
#...#


You could see Louise, a death knight (drained, ally target), a deep elf
zephyrmancer (ally target), a friendly soul eater (summoned) and a friendly
sixfirhy (summoned, slow).

Vanquished Creatures
  Azrael (D:14)
  An ogre mage (D:14)
  Erica (D:8)
  A two-headed ogre (D:12)
  A skeletal warrior (D:13)
  A harpy (D:14)
  A cyclops (D:14)
  Joseph (D:9)
  3 gargoyles
  A freezing wraith (D:14)
  2 trolls
  A meliai (D:14)
  A hornet (D:8)
  7 yaks
  2 shadows
  A slime creature (D:11)
  A vampire (D:12)
  A wyvern (D:8)
  A basilisk (D:13)
  2 fire elementals (D:14)
  Menkaure (D:7)
  3 vampire mosquitoes (D:12)
  A hell hound (D:14)
  3 acid dragons (D:8)
  A water moccasin (D:7)
  An orc warrior (D:12)
  3 ice beasts
  2 black bears (D:5)
  3 centaurs (D:8)
  3 ogres
  4 phantoms
  2 kobold brigands
  3 bullfrogs
  A scorpion (D:4)
  7 wights
  10 killer bees
  3 jellies
  2 orc priests
  4 hounds
  3 sleepcaps
  3 iguanas
  10 orc wizards
  15 gnolls
  8 adders
  3 shadow imps
  A white imp (D:6)
  2 worms
  26 orcs
  7 ball pythons (D:1)
  2 endoplasms
  4 giant cockroaches
  5 goblins
  8 hobgoblins
  3 jackals (D:2)
  12 kobolds
  3 quokkas
  4 bats
  4 frilled lizards
  3 rats (D:1)
214 creatures vanquished.

Vanquished Creatures (collateral kills)
  Gastronok (D:10)
  A hydra (D:13)
  A centaur warrior (D:13)
  A tengu warrior (D:14)
  A two-headed ogre (D:12)
  2 skeletal warriors (D:13)
  3 cyclopes
  3 gargoyles
  An efreet (D:13)
  A tengu conjurer (D:14)
  A hornet (D:9)
  3 slime creatures (D:11)
  A vampire (D:11)
  A wraith (D:12)
  4 yaks (D:9)
  An orc warrior (D:6)
  5 centaurs (D:13)
  A kobold brigand (D:14)
  2 orc priests (D:9)
  A gnoll bouda (D:10)
  A gnoll (D:10)
  2 orcs
  An endoplasm (D:4)
39 creatures vanquished.

Vanquished Creatures (others)
  10 hexers
  4 ancestors
14 creatures vanquished.

Grand Total: 267 creatures vanquished

Notes
Turn   | Place    | Note
-------+----------+-------------------------------------------
     0 | D:1      | Demosthentine the Demonspawn Gladiator began the quest for
                  | the Orb.
     0 | D:1      | Reached XP level 1. HP: 16/16 MP: 1/1
   220 | D:1      | Gained mutation: You have large cloven feet. [demonic
                  | ancestry]
   220 | D:1      | Reached XP level 2. HP: 16/22 MP: 2/2
   555 | D:1      | Reached skill level 1 in Armour
   599 | D:1      | Reached XP level 3. HP: 28/28 MP: 3/3
  1318 | D:2      | Found a faded altar of an unknown god.
  1336 | D:2      | Gained mutation: You are partially covered in sharp spines.
                  | [demonic ancestry]
  1336 | D:2      | Reached XP level 4. HP: 29/34 MP: 4/4
  1698 | D:3      | Reached skill level 3 in Fighting
  1819 | D:2      | Reached XP level 5. HP: 15/41 MP: 5/5
  2595 | D:3      | Identified the +10 hand axe of Dissent {freeze, +Blink SInv
                  | Stlth+}
  3038 | D:4      | Noticed a phantom
  3047 | D:4      | Killed a phantom
  3048 | D:4      | Gained mutation: A weak demonic guardian rushes to your
                  | aid. [demonic ancestry]
  3048 | D:4      | Reached XP level 6. HP: 42/48 MP: 6/6
  3311 | D:4      | Reached skill level 4 in Fighting
  3493 | D:4      | Gained mutation: When seriously injured, your blood forms
                  | armour. (AC +9) [demonic ancestry]
  3493 | D:4      | Reached XP level 7. HP: 39/54 MP: 7/7
  3773 | D:5      | Entered Level 5 of the Dungeon
  4016 | D:5      | Reached skill level 5 in Fighting
  4016 | D:5      | Reached skill level 5 in Polearms
  4016 | D:5      | Reached skill level 5 in Dodging
  4016 | D:5      | Gained mutation: A demonic guardian rushes to your aid.
                  | [demonic ancestry]
  4016 | D:5      | Reached XP level 8. HP: 50/62 MP: 8/8
  5429 | D:6      | Reached skill level 5 in Armour
  5783 | D:7      | Reached skill level 6 in Fighting
  5838 | D:7      | Reached XP level 9. HP: 51/69 MP: 9/9
  6006 | D:7      | Found Tyfi's Jewellery Shop.
  6155 | D:7      | Found a staircase to the Ecumenical Temple.
  6319 | D:7      | Noticed Menkaure
  6325 | D:7      | Killed Menkaure
  6520 | Temple   | Entered the Ecumenical Temple
  6549 | Temple   | Became a worshipper of Hepliaklqana the Forgotten
  7005 | D:8      | Reached skill level 7 in Fighting
  7078 | D:8      | Found a large runed translucent door.
  7079 | D:8      | Found a large runed translucent door.
  7120 | D:8      | Reached skill level 1 in Invocations
  7235 | D:8      | Reached * piety under Hepliaklqana
  7258 | D:8      | Noticed Erica
  7280 | D:8      | Killed Erica
  7281 | D:8      | Gained mutation: When seriously injured, your blood forms
                  | thick armour. (AC +9) [demonic ancestry]
  7281 | D:8      | Reached XP level 10. HP: 45/71 MP: 10/12
  7472 | D:8      | Found a basalt altar of Yredelemnul.
  7534 | D:8      | Found a hide-covered altar of Uskayaw.
  7708 | D:9      | Reached skill level 8 in Fighting
  7725 | D:9      | Reached skill level 5 in Invocations
  7875 | D:9      | Found a bloodstained altar of Trog.
  7876 | D:9      | Found an ancient bone altar of Kikubaaqudgha.
  7877 | D:9      | Found a burning altar of Makhleb.
  7877 | D:9      | Found a sparkling altar of Nemelex Xobeh.
  7982 | D:9      | Noticed Joseph
  8001 | D:9      | Killed Joseph
  8169 | D:9      | Reached ** piety under Hepliaklqana
  8170 | D:9      | Remembered your ancestor Mettia as a hexer
  8355 | D:10     | Entered Level 10 of the Dungeon
  8502 | D:10     | Noticed Gastronok
  8516 | D:10     | Killed Gastronok
  8622 | D:10     | Reached XP level 11. HP: 78/78 MP: 15/15
  8944 | D:11     | Reached skill level 9 in Fighting
  9538 | D:11     | Reached *** piety under Hepliaklqana
  9582 | D:11     | Found a staircase to the Lair.
  9699 | D:12     | Noticed a two-headed ogre
  9704 | D:12     | Killed a two-headed ogre
  9779 | D:12     | Noticed an ogre mage
  9782 | D:12     | Noticed a wizard
  9959 | D:12     | Noticed a deep troll earth mage
 10144 | D:12     | Noticed a two-headed ogre
 10152 | D:12     | Killed a two-headed ogre
 10331 | D:12     | Found a transporter.
 10335 | D:12     | Found a shimmering blue altar of Sif Muna.
 10338 | D:12     | Identified the ring "Cezoupoo" {+Blink rPois rN+ Will-
                  | Slay+2}
 10340 | D:12     | Noticed a necromancer
 10523 | D:12     | Noticed a boulder beetle
 10704 | D:12     | Found a staircase to the Orcish Mines.
 10870 | D:13     | Noticed a centaur warrior
 10872 | D:13     | HP: 2/81 [centaur warrior/arrow (25)]
 10999 | D:13     | Noticed a four-headed hydra
 11006 | D:13     | Killed a four-headed hydra
 11007 | D:13     | Reached skill level 10 in Fighting
 11162 | D:13     | Reached XP level 12. HP: 48/87 MP: 19/19
 11234 | D:13     | Reached **** piety under Hepliaklqana
 11420 | D:13     | HP: 2/87 [skeletal warrior/+0 halberd (15)]
 11983 | D:13     | Killed a centaur warrior
 11984 | D:13     | Reached skill level 10 in Invocations
 12044 | D:13     | Found an opulent altar of Gozag.
 12124 | D:14     | Noticed a tengu warrior
 12139 | D:14     | Killed a tengu warrior
 12208 | D:14     | Noticed Azrael
 12235 | D:14     | Identified a scroll of acquirement
 12236 | D:14     | Reached skill level 10 in Polearms
 12236 | D:14     | Reached skill level 10 in Dodging
 12365 | D:14     | Acquired the +8 demon trident "Rift" {distort, reach+}
 12365 | D:14     | Found the +8 demon trident "Rift" {distort, reach+}
 12444 | D:14     | Killed Azrael
 12450 | D:14     | Noticed a death knight
 12452 | D:14     | Noticed an ogre mage
 12500 | D:14     | Noticed Louise
 12510 | D:14     | Killed an ogre mage
 12516 | D:14     | Reached skill level 11 in Fighting
 12521 | D:14     | HP: 5/132 [deep elf zephyrmancer/bolt of lightning (15)]
 12522 | D:14     | Killed from afar by a deep elf zephyrmancer

Illustrated notes

Levels and vault maps discovered:
D:1:      tarquinn_simple_flora_water_c, layout_basic, minmay_hexomino_c4
D:2:      layout_basic, basic_ecumenical_altar
D:3:      wad_crossroads, layout_loops_ring, kennysheep_cross_bottleneck,
          minmay_misc_feat_rugged
D:4:      layout_rooms, minmay_quadrilaterals
D:5:      minmay_skewed_foursquare, layout_loops_ring, kennysheep_nondescript
D:6:      layout_gridville, grunt_ministairs_5, minivault_1,
          kennysheep_generic_room_11
D:7:      layout_loops_ring, temple_pool_b, serial_shops,
          nicolae_shop_gaudy_bauble, st_stairs_3, uniq_menkaure
D:8:      layout_basic, jmf_multi_god_temple2, uniq_erica
D:9:      layout_long_grid, minitemple, abandoned_shop, uniq_joseph
D:10:     layout_cave_pools, dk_noncrumbling_4, uniq_gastronok
D:11:     layout_grid_maze
D:12:     gammafunk_sealed_library, layout_basic, nicolae_fountain_basement
D:13:     layout_basic, grunt_gozag_breadcrumbs
D:14:     minmay_curly_fans, layout_long_grid,
          hangedman_vaults_entry_quadrant_bands, kennysheep_flooded_box,
          uniq_azrael, uniq_louise, uniq_kirke
Temple:   nicolae_temple_bog_church

Skill      XL: |  1  2  3  4  5  6  7  8  9 10 11 12 |
---------------+-------------------------------------+-----
Polearms       | 3 4 5 6 7 8 9 10 | 10.3
Armour         | 1 2 3 4 5 6 |  6.0
Dodging        | 3 4 5 6 7 8 9 10 | 10.3
Fighting       | 3 4 5 6 7 8 10 11 | 11.0
Invocations    | 3 6 9 10 | 10.9
Throwing       | |  1.7

Action                     |  1- 3 |  4- 6 |  7- 9 | 10-12 || total
---------------------------+-------+-------+-------+-------++-------
  Melee: Trident           |   114 |   127 |   274 |   479 ||   994
         Kick              |    15 |    23 |    86 |   195 ||   319
         Punch             |       |       |     6 |     8 ||    14
         Demon trident     |       |       |       |    30 ||    30
  Throw: Throwing net      |       |     2 |       |     9 ||    11
 Invoke: Ancestor Life: He |       |       |       |     1 ||     1
    Use: Scroll            |     3 |    10 |    12 |    10 ||    35
         Potion            |       |       |     1 |     8 ||     9
   Stab: Sleeping          |       |     2 |     1 |       ||     3
         Distracted        |       |       |       |    10 ||    10
         Confused          |       |       |       |     5 ||     5
         Held in net/web   |       |       |       |     4 ||     4
 Armour: Leather armour    |    32 |    27 |    58 |   112 ||   229
  Dodge: Dodged            |    58 |    64 |   154 |   259 ||   535
